 Dungeon Crawl Stone Soup version 0.27-a0-1182-gee19b5822f (webtiles) character file.

Game seed: 5634916176252216874

59886 Feb132020 the Thaumaturge (level 14, -9/67 HPs)
             Began as a Spriggan Conjurer on May 16, 2021.
             Was a High Priest of Nemelex Xobeh.
             Killed from afar by a fire giant (18 damage)
             ... with a fireball
             ... on level 8 of the Dungeon on May 18, 2021.
             The game lasted 03:12:01 (27590 turns).

Feb132020 the Thaumaturge (Spriggan Conjurer)      Turns: 27590, Time: 03:12:01

Health: -9/67      AC:  4    Str:  6    XL:     14   Next: 54%
Magic:  0/42       EV: 29    Int: 20    God:    Nemelex Xobeh [*****.]
Gold:   1402       SH: 10    Dex: 20    Spells: 5/42 levels left

rFire    + . .     SeeInvis +   B - +5 dagger (freeze)
rCold    + . .     Faith    .   w - +3 buckler {reflect}
rNeg     . . .     Spirit   +   M - +1 robe {rC+}
rPois    .         Reflect  +   (helmet restricted)
rElec    .         Harm     .   K - +0 cloak "Puloih" {rF+ Str+2 Dex+3}
rCorr    .         Rampage  .   (gloves unavailable)
Will     ++...                  (boots unavailable)
Stlth    ++++++....             E - amulet of guardian spirit
HPRegen  0.21/turn              U - ring of magical power
MPRegen  0.28/turn              W - +4 ring of evasion

@: very quick
A: very small, no large weapons, unfitting armour, see invisible, speed 3
a: Renounce Religion, Draw Escape, Draw Destruction, Draw Summoning, Draw Stack,
Triple Draw, Deal Four, Stack Five


You were on level 8 of the Dungeon.
You worshipped Nemelex Xobeh.
Nemelex Xobeh was extremely pleased with you.
You visited 3 branches of the dungeon, and saw 16 of its levels.

You collected 1946 gold pieces.
You spent 544 gold pieces at shops.

Inventory:

Hand Weapons
 b - a +3 dagger of venom
 c - a +0 dagger
 l - a +1 vampiric short sword
 B - a +5 dagger of freezing (weapon)
Missiles
 i - 3 throwing nets
 x - 12 curare-tipped darts
Armour
 n - a +2 cloak of preservation
 w - a +3 buckler of reflection (worn)
 K - the +0 cloak "Puloih" (worn) {rF+ Str+2 Dex+3}
   (You found it on level 2 of the Lair of Beasts)

   It affects your strength (+2).
   It affects your dexterity (+3).
   It protects you from fire.
 M - a +1 robe of cold resistance (worn)
Magical Staves
 R - a staff of conjuration
Jewellery
 A - a ring of wizardry
 D - a ring of positive energy
 E - an amulet of guardian spirit (around neck)
 H - the ring of Viumydd {*Corrode rN+++ Will- Str+6 Dex+7}
   (You acquired it on level 4 of the Lair of Beasts)

   [ring of strength]

   It affects your strength (+6).
   It affects your dexterity (+7).
   It renders you almost immune to negative energy.
   It may corrode you when you take damage.
   It decreases your willpower.
 I - a ring of wizardry
 L - a ring of ice
 N - a ring of resist corrosion
 Q - a ring of ice
 U - a ring of magical power (left hand)
 W - a +4 ring of evasion (right hand)
 X - a +6 ring of intelligence
Wands
 t - a wand of flame (21)
 y - a wand of charming (6)
 C - a wand of iceblast (21)
 O - a wand of paralysis (9)
 V - a wand of acid (7)
Scrolls
 a - 2 scrolls of magic mapping
 e - 4 scrolls of immolation
 g - 6 scrolls of teleportation
 h - 3 scrolls of silence
 s - 6 scrolls of torment
 z - 2 scrolls of amnesia
 F - 7 scrolls of identify
 P - a scroll of fear
Potions
 d - a potion of invisibility
 f - 2 potions of flight
 j - 4 potions of brilliance
 k - 2 potions of berserk rage
 m - 2 potions of magic
 o - 9 potions of curing
 p - 3 potions of haste
 q - 4 potions of might
 r - a potion of mutation
 u - a potion of resistance
 v - 6 potions of heal wounds
 S - a potion of lignification
 T - a potion of cancellation
Miscellaneous
 G - a box of beasts
 J - a phantom mirror
 Y - a phantom mirror


   Skills:
 + Level 4.3 Fighting
 + Level 6.0 Short Blades
 + Level 10.5 Dodging
 + Level 13.2 Stealth
 + Level 3.9 Shields
 + Level 14.8 Spellcasting
 + Level 9.8 Conjurations
 * Level 10.8 Hexes
 * Level 11.7 Translocations
 + Level 1.0 Invocations
 + Level 2.6 Evocations


You had 5 spell levels left.
You knew the following spells:

 Your Spells              Type           Power      Damage    Failure   Level
a - Magic Dart            Conj           100%       1d8       1%          1
b - Searing Ray           Conj           100%       3d7       1%          2
c - Dazzling Flash        Conj/Hex       100%       N/A       1%          3
d - Fulminant Prism       Conj/Hex       27%        3d14      1%          4
e - Iskenderun's Mystic   Conj/Tloc      55%        2d12      1%          4
f - Confusing Touch       Hex            55%        N/A       1%          3
g - Tukima's Dance        Hex            55%        N/A       1%          3
h - Gell's Gravitas       Tloc           28%        N/A       1%          3
i - Passage of Golubria   Tloc           N/A        N/A       1%          4
D - Dispersal             Tloc           28%        N/A       7%          6
F - Cause Fear            Hex            27%        N/A       1%          4

Your spell library contained the following spells:

 Spells                   Type           Power      Damage    Failure   Level
 Corona                   Hex            61%        N/A       1%          1
 Ensorcelled Hibernation  Hex/Ice        72%        N/A       1%          2
 Slow                     Hex            55%        N/A       1%          2
 Portal Projectile        Hex/Tloc       100%       N/A       1%          3
 Manifold Assault         Tloc           57%        N/A       1%          5
 Summon Mana Viper        Hex/Summ       36%        N/A       16%         5
 Yara's Violent Unravell  Hex/Tmut       18%        3d9       16%         5
 Irradiate                Conj/Tmut      17%        3d19      21%         5
 Disjunction              Tloc           28%        N/A       96%         8
 Blade Hands              Tmut           7%         N/A       100%        6
 Statue Form              Tmut/Erth      9%         N/A       100%        6
 Dragon Form              Tmut           7%         N/A       100%        7


Dungeon Overview and Level Annotations

Branches:
Dungeon (9/15)             Temple (1/1) D:7            Lair (6/6) D:8
  Swamp (0/4) Lair:3       Spider (0/4) Lair:4        Slime (0/5) Lair:6
    Orc: D:9-12

Altars:
Ashenzari
Cheibriados
Dithmenos
Elyvilon
Fedhas
Gozag
Hepliaklqana
Kikubaaqudgha
Makhleb
Nemelex Xobeh
Okawaru
Qazlal
Ru
Sif Muna
Trog
Uskayaw
Vehumet
Wu Jian
Xom
Yredelemnul
Zin
The Shining One

Shops:
D:4 *=![   D:6 [

Annotations:
D:7 exclusion: statue


Innate Abilities, Weirdness & Mutations

You are very small and have problems with some larger weapons.
You are too small for most types of armour.
You have supernaturally acute eyesight. (SInv)
You cover ground extremely quickly. (Speed+++)


Message History

The bush is almost destroyed.
The electrical discharge engulfs the fire giant!!
The fire giant is heavily wounded.
The electrical discharge engulfs the fire giant!!
The fire giant is severely wounded.
The electrical discharge engulfs Feb132020's illusion!!
Feb132020's illusion is almost dead.
The electrical discharge engulfs the bush!!
You destroy the bush!
You hear violent peals of thunder!
Feb132020's illusion shimmers and vanishes!
The fire giant is engulfed in blazing flames.
Unknown command.
Aiming: Iceblast
Press: ? - help, Shift-Dir - straight line, f/p - fire giant
Aim: a fire giant, wielding a +3 great sword of flaming (flame, severely wounded)
The mass of ice explodes!
The iceblast engulfs the fire giant!
The fire giant is severely wounded.
You hear a bellow!
The fire giant is engulfed in blazing flames.
Aiming: Iceblast
Press: ? - help, Shift-Dir - straight line, f/p - fire giant
Aim: a fire giant, wielding a +3 great sword of flaming (severely wounded)
The mass of ice explodes!
The iceblast engulfs the fire giant!
The fire giant is almost dead.
The fire giant gestures at you while chanting.
The fireball explodes!
The fireball engulfs you!! You resist.
You hear a shout!
Aiming: Iceblast
Press: ? - help, Shift-Dir - straight line, f/p - fire giant
Aim: a fire giant, wielding a +3 great sword of flaming (almost dead)
The mass of ice explodes!
The iceblast engulfs the fire giant.
The fire giant is almost dead.
The fire giant gestures at you while chanting.
The fireball explodes!
The fireball engulfs you!! You resist.
* * * LOW HITPOINT WARNING * * *
The fire giant points at you and mumbles some strange words.
The fireball explodes!
The fireball engulfs you!! You resist.
You die...
Your body glows with a rainbow of weird colours and disappears.

........#...§#
o.......#.°.°#
.e.....Q#P..§#
C...z...#.○§§#
......D.#...C#
####'# #(...#
#....# #.[@.#
#....#
######....#
#....')...#
#.⌠..#....#
#..⌠.#....####
#....#....#..#
###
#'##########.#
..# #))..# #[#


You could see a fire giant.

Vanquished Creatures
  A spark wasp (Lair:4)
  Fannar (Lair:2)
  9 hydras
  A centaur warrior (D:8)
  A catoblepas (Lair:4)
  A merfolk avatar (Lair:6)
  A tengu warrior (D:8)
  3 death yaks (Lair:4)
  Urug (Lair:5)
  Nergalle (Lair:4)
  A skeletal warrior (D:8)
  A sea snake (Lair:6)
  A deep elf pyromancer (D:8)
  A manticore (Lair:6)
  An oklob plant (Lair:4)
  3 black mambas
  26 elephants
  A torpor snail (Lair:2)
  15 cane toads
  4 rime drakes
  13 komodo dragons
  2 wind drakes
  2 hornets
  6 polar bears
  2 jumping spiders (Lair:4)
  31 blink frogs
  2 tyrant leeches (Lair:3)
  11 dream sheep
  3 wyverns
  2 redbacks (Lair:4)
  A wraith (D:8)
  22 yaks
  3 basilisks
  2 swamp worms (Lair:3)
  39 water moccasins
  Duvessa (D:5)
  4 orc warriors
  A sky beast (D:7)
  3 ice beasts
  3 necrophages
  An ogre (D:2)
  14 wolves
  2 centaurs (D:7)
  A kobold brigand (D:6)
  3 scorpions
  16 bullfrogs
  A water moccasin zombie (D:7)
  A wyvern skeleton (D:7)
  A water moccasin skeleton (D:4)
  Dowan (D:5)
  6 killer bees (D:9)
  2 jellies
  5 wights (D:6)
  2 electric eels
  5 howler monkeys
  Crazy Yiuf (D:2)
  2 centaur zombies
  5 hounds
  8 orc priests
  A bullfrog skeleton (D:6)
  2 iguanas
  Terence (D:2)
  8 orc wizards
  4 gnolls (D:6)
  20 adders
  3 shadow imps
  2 white imps
  An ufetubus (D:5)
  An adder skeleton (D:5)
  3 worms
  3 dart slugs
  29 orcs
  10 ball pythons
  7 bats
  7 endoplasms
  2 giant cockroaches
  12 goblins
  5 hobgoblins
  15 kobolds
  4 quokkas
  4 frilled lizards
  7 rats
  2 bushes (D:8)
457 creatures vanquished.

Vanquished Creatures (collateral kills)
  A black mamba (Lair:4)
  A water moccasin (Lair:4)
  3 wolves (Lair:4)
5 creatures vanquished.

Vanquished Creatures (others)
  11 bushes
  118 fulminant prisms
  88 fungi
  122 plants
339 creatures vanquished.

Grand Total: 801 creatures vanquished

Notes
Turn   | Place    | Note
-------+----------+-------------------------------------------
     0 | D:1      | Feb132020 the Spriggan Conjurer began the quest for the
                  | Orb.
     0 | D:1      | Reached XP level 1. HP: 9/9 MP: 5/5
   192 | D:1      | Reached XP level 2. HP: 13/13 MP: 1/6
   195 | D:1      | Learned a level 2 spell: Searing Ray
   567 | D:1      | Reached skill level 3 in Spellcasting
   817 | D:1      | Reached XP level 3. HP: 16/16 MP: 6/8
   858 | D:1      | Found a faded altar of an unknown god.
  1503 | D:2      | Noticed an ogre
  1508 | D:2      | Killed an ogre
  1509 | D:2      | Reached XP level 4. HP: 21/21 MP: 2/10
  1640 | D:2      | Reached XP level 5. HP: 24/24 MP: 8/11
  1671 | D:2      | Learned a level 3 spell: Dazzling Flash
  1879 | D:2      | Found a runed translucent door.
  1891 | D:2      | Noticed Terence
  1906 | D:2      | Killed Terence
  1907 | D:2      | Reached skill level 4 in Spellcasting
  2362 | D:2      | Noticed Crazy Yiuf
  2649 | D:2      | Killed Crazy Yiuf
  2650 | D:2      | Reached skill level 1 in Hexes
  3403 | D:4      | Found a snail-covered altar of Cheibriados.
  3419 | D:4      | Reached XP level 6. HP: 28/28 MP: 4/13
  3525 | D:4      | Found Qerchesch's Distillery.
  3528 | D:4      | Bought 2 potions of degeneration for 20 gold pieces
  3528 | D:4      | Bought a potion of mutation for 80 gold pieces
  3679 | D:4      | Reached skill level 5 in Stealth
  3779 | D:4      | Found Setuggogu's Assorted Antiques.
  3783 | D:4      | Bought a scroll labelled ANTUEDGH ETUMO for 24 gold pieces
  3849 | D:4      | Found Buezif's Jewellery Shop.
  3934 | D:4      | Reached skill level 5 in Spellcasting
  4103 | D:4      | Found Qacvorru's Antique Armour Boutique.
  4170 | D:5      | Entered Level 5 of the Dungeon
  4259 | D:5      | Reached XP level 7. HP: 32/32 MP: 11/15
  4503 | D:5      | Found a glowing silver altar of Zin.
  4531 | D:5      | Noticed Dowan
  4537 | D:5      | Killed Dowan
  4538 | D:5      | Reached skill level 5 in Conjurations
  4577 | D:5      | Noticed Duvessa
  4737 | D:5      | Killed Duvessa
  4846 | D:5      | Reached skill level 1 in Short Blades
  4846 | D:5      | Reached skill level 6 in Spellcasting
  5114 | D:5      | Learned a level 4 spell: Fulminant Prism
  5488 | D:6      | Reached XP level 8. HP: 36/36 MP: 11/19
  5570 | D:6      | Reached skill level 7 in Spellcasting
  6315 | D:6      | Reached skill level 8 in Spellcasting
  6426 | D:6      | Found Jaagoogi's Armour Shoppe.
  6633 | D:6      | Reached skill level 5 in Hexes
  6864 | D:7      | Found a staircase to the Ecumenical Temple.
  6872 | D:7      | Reached XP level 9. HP: 36/40 MP: 12/22
  6993 | Temple   | Entered the Ecumenical Temple
  7218 | Temple   | Became a worshipper of Nemelex Xobeh the Trickster
  7260 | D:7      | Found a radiant altar of Vehumet.
  7672 | D:7      | Learned a level 4 spell: Iskenderun's Mystic Blast
  7701 | D:7      | Reached skill level 9 in Spellcasting
  7904 | D:7      | Reached skill level 1 in Translocations
  8223 | D:7      | Learned a level 3 spell: Confusing Touch
  8444 | D:7      | Upgraded the game from 0.27-a0-1177-g245c70e1c0 to
                  | 0.27-a0-1180-g7fc4abc71e
  8456 | D:8      | Noticed a death yak
  8457 | D:8      | Found a staircase to the Lair.
  8457 | D:8      | Noticed a death yak
  8508 | D:8      | Reached * piety under Nemelex Xobeh
  8527 | D:8      | Noticed a death yak
  8985 | D:8      | Found a hide-covered altar of Uskayaw.
  8985 | D:8      | Found an opulent altar of Gozag.
  8986 | D:8      | Found a broken altar of Ashenzari.
  9112 | D:8      | Received a gift from Nemelex Xobeh
  9155 | D:8      | Reached skill level 10 in Spellcasting
  9465 | Lair:1   | Entered Level 1 of the Lair of Beasts
  9498 | Lair:1   | Noticed a cane toad
  9513 | Lair:1   | Noticed a cane toad
  9519 | Lair:1   | Reached skill level 5 in Translocations
  9520 | Lair:1   | Found a gate leading to a gauntlet.
  9544 | Lair:1   | Noticed a black mamba
  9559 | Lair:1   | Killed a black mamba
  9560 | Lair:1   | Reached XP level 10. HP: 33/44 MP: 17/25
 10102 | Lair:1   | Reached skill level 1 in Fighting
 10134 | Lair:1   | Noticed a cane toad
 10147 | Lair:1   | Killed a cane toad
 10339 | Lair:1   | Noticed a cane toad
 10349 | Lair:1   | Killed a cane toad
 10489 | Lair:1   | Reached ** piety under Nemelex Xobeh
 10992 | Lair:1   | Killed a cane toad
 10993 | Lair:1   | Reached skill level 5 in Dodging
 10993 | Lair:1   | Reached skill level 11 in Spellcasting
 11007 | Lair:1   | Killed a cane toad
 11008 | Lair:1   | Reached XP level 11. HP: 49/50 MP: 17/27
 11107 | Lair:2   | Reached skill level 10 in Stealth
 12044 | Lair:2   | Identified a scroll of acquirement
 12044 | Lair:2   | Acquired a +1 buckler of reflection
 12793 | Lair:2   | Learned a level 3 spell: Tukima's Dance
 12803 | Lair:2   | Reached *** piety under Nemelex Xobeh
 12806 | Lair:2   | Identified the +0 cloak "Puloih" {rF+ Str+2 Dex+3}
 13269 | Lair:2   | Noticed Fannar
 13293 | Lair:2   | Killed Fannar
 13540 | Lair:3   | Received a gift from Nemelex Xobeh
 13540 | Lair:3   | You fall into a shaft and drop 3 floors!
 13540 | Lair:6   | Entered Level 6 of the Lair of Beasts
 13609 | Lair:6   | Noticed a five-headed hydra
 13654 | Lair:6   | Noticed an eight-headed hydra
 13662 | Lair:6   | Reached **** piety under Nemelex Xobeh
 13690 | Lair:6   | Found a staircase to the Slime Pits.
 13708 | Lair:4   | Noticed a death yak
 13722 | Lair:4   | You fall into a shaft and drop 1 floor!
 13733 | Lair:4   | Received a gift from Nemelex Xobeh
 13737 | Lair:4   | Reached skill level 10 in Translocations
 14245 | Lair:3   | Noticed a six-headed hydra
 14274 | Lair:3   | Killed a six-headed hydra
 14275 | Lair:3   | Reached skill level 12 in Spellcasting
 14275 | Lair:3   | Reached XP level 12. HP: 56/56 MP: 17/29
 14624 | Lair:3   | Found a staircase to the Swamp.
 14799 | Lair:3   | Received a gift from Nemelex Xobeh
 15156 | Lair:4   | Noticed a catoblepas
 15157 | Lair:4   | Noticed an ice dragon
 15157 | Lair:4   | a catoblepas changed into an ice dragon
 15581 | Lair:4   | Noticed Nergalle
 16385 | Lair:4   | Noticed a catoblepas
 16435 | Lair:4   | Killed a catoblepas
 16657 | Lair:4   | Acquired 899 gold pieces
 16667 | Lair:4   | Received a gift from Nemelex Xobeh
 16698 | Lair:4   | Killed Nergalle
 16699 | Lair:4   | Reached skill level 1 in Shields
 16754 | Lair:4   | Found a hole to the Spider Nest.
 16978 | Lair:4   | Noticed a spark wasp
 16978 | Lair:4   | an ice dragon changed into a spark wasp
 16990 | Lair:4   | Killed a spark wasp
 17012 | Lair:4   | Noticed a five-headed hydra
 17033 | Lair:4   | Killed a five-headed hydra
 17034 | Lair:4   | Reached skill level 1 in Evocations
 17275 | Lair:4   | Acquired the ring of Viumydd {*Corrode rN+++ Will- Str+6
                  | Dex+7}
 17323 | Lair:4   | Noticed a death yak
 17330 | Lair:4   | Noticed a death yak
 17344 | Lair:4   | Killed a death yak
 17358 | Lair:4   | Killed a death yak
 17583 | Lair:4   | Killed a death yak
 17584 | Lair:4   | Reached skill level 13 in Spellcasting
 17880 | Lair:4   | Noticed a seven-headed hydra
 17900 | Lair:4   | Killed a seven-headed hydra
 18087 | Lair:4   | Reached ***** piety under Nemelex Xobeh
 18323 | Lair:4   | Reached XP level 13. HP: 60/60 MP: 16/31
 18421 | Lair:5   | Noticed Urug
 18423 | Lair:5   | Killed Urug
 18734 | Lair:5   | Received a gift from Nemelex Xobeh
 18977 | Lair:5   | Received a gift from Nemelex Xobeh
 19574 | Lair:5   | Reached skill level 1 in Invocations
 19908 | Lair:5   | Acquired a book of the Warp
 19914 | Lair:5   | Learned a level 3 spell: Gell's Gravitas
 19919 | Lair:5   | Learned a level 4 spell: Passage of Golubria
 19961 | Lair:5   | Reached skill level 5 in Short Blades
 20360 | Lair:5   | Reached skill level 10 in Hexes
 21748 | D:4      | Bought a ring of magical power for 260 gold pieces
 22831 | Lair:6   | Received a gift from Nemelex Xobeh
 23005 | Lair:6   | Reached skill level 14 in Spellcasting
 23132 | Lair:6   | Upgraded the game from 0.27-a0-1180-g7fc4abc71e to
                  | 0.27-a0-1182-gee19b5822f
 23941 | Lair:6   | Reached skill level 10 in Dodging
 24008 | Lair:6   | Reached XP level 14. HP: 66/66 MP: 31/33
 24017 | Lair:6   | Paralysed by a hornet for 3 turns
 24991 | Lair:6   | Acquired the Guide on Curses
 25178 | Lair:5   | Learned a level 4 spell: Cause Fear
 25185 | Lair:5   | Learned a level 6 spell: Dispersal
 26262 | D:4      | Bought a potion of curing for 30 gold pieces
 26262 | D:4      | Bought a potion of heal wounds for 50 gold pieces
 26262 | D:4      | Bought a potion of curing for 30 gold pieces
 26262 | D:4      | Bought a potion of heal wounds for 50 gold pieces
 26498 | D:9      | Received a gift from Nemelex Xobeh
 26972 | D:8      | Received a gift from Nemelex Xobeh
 26973 | D:8      | Noticed a fire giant
 27590 | D:8      | Killed from afar by a fire giant

Illustrated notes

Levels and vault maps discovered:
D:1:      lightli_arrival_statue_moat, layout_rooms,
          ebering_ecumenical_altar_mist
D:2:      layout_loops_corners, serial_forest, infiniplex_forest_clump_small,
          infiniplex_forest_zigzag_1, infiniplex_forest_straight_4,
          infiniplex_forest_lined_room_, minivault_11, minmay_splitting_lines,
          uniq_terence, uniq_crazy_yiuf_cottage
D:3:      layout_basic
D:4:      layout_basic, cheibriados_altar_1, serial_shops,
          nicolae_shop_behind_doors, shop, kennysheep_mini, nicolae_shop_trees,
          minmay_misc_feat_five
D:5:      layout_basic, zin_statuary, uniq_duvessa
D:6:      layout_loops_cross, serial_shops, shop, lexackson_kobold_supper
D:7:      layout_rooms, vehumet_statue, minmay_temple_entry_proselytizer,
          grunt_ministairs_9
D:8:      minmay_klotski, layout_loops_ring, gammafunk_temple_overflow_claw,
          dpeg_lair_monsters
D:9:      layout_gridville, hangedman_abyss_or_decor_passed,
          hangedman_abyss_or_decor_stagger, serial_park_tiny_2
Temple:   eino_temple_scatter_basement
Lair:1:   layout_regular_city, gauntlet_entry_generic, grunt_megastairs_5
Lair:2:   layout_hall_layers, nicolae_quartered_pool_little, uniq_fannar
Lair:3:   layout_long_grid, minmay_swamp_entry_worms, serial_bayou_shore_a
Lair:4:   beast_lair_carwin_large_4, layout_layer_cave,
          spider_nest_entry_funnel_web, minmay_lair_oklob_bushes,
          infiniplex_staircase_pool_2, uniq_nergalle
Lair:5:   lemuel_reptile_caves, layout_long_grid, uniq_urug
Lair:6:   gammafunk_lair_ancient_temple, layout_small_grid, slime_dummy,
          infiniplex_staircase_pool

Skill      XL: |  1  2  3  4  5  6  7  8  9 10 11 12 13 14 |
---------------+-------------------------------------------+-----
Conjurations   | 3 4 5 6 7 8 9 |  9.8
Spellcasting   | 3 4 5 6 8 10 11 12 13 14 | 14.8
Dodging        | 3 5 7 8 10 | 10.5
Stealth        | 4 5 6 7 9 11 12 13 | 13.2
Hexes          | 1 2 3 5 6 7 8 9 10 | 10.8
Short Blades   | 1 2 3 4 5 6 |  6.0
Translocations | 5 7 10 11 | 11.7
Fighting       | 1 2 3 4 |  4.3
Shields        | 2 3 |  3.9
Evocations     | 2 |  2.6
Invocations    | 1 |  1.0

Action                   |  1- 3 |  4- 6 |  7- 9 | 10-12 | 13-15 || total
-------------------------+-------+-------+-------+-------+-------++-------
Melee: Dagger            |    11 |       |    31 |   137 |   209 ||   388
       Short sword       |       |     6 |     1 |       |       ||     7
 Cast: Magic Dart        |    71 |    72 |   113 |   165 |   131 ||   552
       Searing Ray       |     1 |    14 |    59 |    76 |   133 ||   283
       Fulminant Prism   |       |       |     1 |    49 |    68 ||   118
       Dazzling Flash    |       |       |       |     1 |     1 ||     2
       Iskenderun's Myst |       |       |       |       |     8 ||     8
       Passage of Golubr |       |       |       |       |     1 ||     1
Invok: Draw Destruction  |       |       |       |    12 |     8 ||    20
       Draw Summoning    |       |       |       |     2 |     2 ||     4
       Draw Stack        |       |       |       |       |     3 ||     3
       Stack Five        |       |       |       |       |     1 ||     1
Evoke: Wand              |       |       |       |     6 |     9 ||    15
  Use: Scroll            |       |     5 |    11 |    11 |    10 ||    37
       Potion            |       |     1 |     2 |       |     3 ||     6
 Stab: Sleeping          |     3 |     4 |     7 |     8 |    10 ||    32
       Distracted        |       |       |       |     1 |     1 ||     2
       Invisible         |       |       |       |     1 |       ||     1
Armor: Robe              |     2 |       |     7 |    29 |    52 ||    90
Dodge: Dodged            |     8 |     6 |    42 |   199 |   291 ||   546
Block: Buckler           |       |       |       |    48 |   140 ||   188
       Reflection        |       |       |       |       |     1 ||     1

Table legend: (Time is in decaauts)
 A = Elapsed time spent in this place.
 B = Non-inter-level travel time spent in this place.
 C = Inter-level travel time spent in this place.
 D = Time resting spent in this place.
 E = Time spent auto-exploring this place.
 F = Levels seen in this place.
 G = Mean time per level.
                   A        B        C        D        E       F      G
               +--------+--------+--------+--------+--------+-----+--------+
         Total |  22358 |  21193 |   1165 |   2999 |  13751 |  16 | 1397.4 |
       Dungeon |   8537 |   7947 |    590 |    473 |   6222 |   9 |  948.6 |
        Temple |    149 |    115 |     34 |      0 |    114 |   1 |  149.0 |
          Lair |  13671 |  13130 |    541 |   2525 |   7415 |   6 | 2278.5 |
               +--------+--------+--------+--------+--------+-----+--------+

Top non-repeatable levels by time:
  Lair:5: 3146 daAuts
  Lair:4: 3065 daAuts
  Lair:6: 2625 daAuts
  Lair:1: 2143 daAuts
  Lair:3: 1362 daAuts
  Lair:2: 1327 daAuts
     D:7: 1252 daAuts
     D:2: 1238 daAuts
     D:8: 1224 daAuts
     D:6: 1214 daAuts
     D:5: 1006 daAuts
     D:1: 925 daAuts
     D:4: 746 daAuts
     D:9: 550 daAuts
     D:3: 377 daAuts
